TOP OF THE 1ST |
Augusta GreenJackets batting - Pitching for Fort Wayne TinCaps : RHP Marcus Hill
|
Pitching: RHP Marcus Hill
|
|
Batting: RHB Danny Gallo
|
0-0: Foul Ball, location: 2F 0-1: Ball 1-1: Ball 2-1: Foul Ball, location: 2F 2-2: Fly out, F6 (Popup, 6, EV 78.8 MPH)
|
Batting: RHB Chris King
|
0-0: Fly out, F4 (Popup, 34S, EV 76.9 MPH)
|
Batting: LHB Gabe Velez
|
0-0: Foul Ball, location: 2F 0-1: Ball 1-1: Swinging Strike 1-2: Fly out, F7 (Flyball, 7, EV 94.4 MPH)
|
Top of the 1st over - 0 runs, 0 hits, 0 errors, 0 left on base; Augusta 0 - Fort Wayne 0 |
BOTTOM OF THE 1ST |
Fort Wayne TinCaps batting - Pitching for Augusta GreenJackets : RHP Lee Chamness
|
Pitching: RHP Lee Chamness
|
|
Batting: LHB Angel Mejia
|
0-0: Foul Ball, location: 2F 0-1: Foul Ball, location: 2F 0-2: Foul Ball, location: 2F 0-2: Ball 1-2: SINGLE (Groundball, 34D, EV 111.2 MPH)
|
Batting: LHB James Sousa
|
0-0: Ball 1-0: Called Strike Angel Mejia steals 2nd base 1-1: 2-RUN HOME RUN (Flyball, 89XD, EV 100.0 MPH), Distance : 405 ft
|
Batting: RHB Juan Martinez
|
0-0: Called Strike 0-1: Foul Ball, location: 2F 0-2: Ball 1-2: Foul Ball, location: 2F 1-2: Fly out, F8 (Flyball, 8LM, EV 78.1 MPH)
|
Batting: RHB Mike Maserang
|
0-0: Called Strike 0-1: Ball 1-1: Swinging Strike 1-2: Ball 2-2: Ball 3-2: Base on Balls
|
Batting: SHB Josh Parker
|
0-0: Ball 1-0: Called Strike 1-1: Hit by Pitch Mike Maserang to second
|
Batting: RHB Davey Verhoog
|
0-0: Ball 1-0: Fielders Choice at 2nd, 6-4 (Groundball, 6, EV 88.1 MPH) Mike Maserang to third
|
Batting: RHB Rich Justice
|
0-0: Ball Davey Verhoog steals 2nd base (no throw) 1-0: DOUBLE (Groundball, 3L, EV 108.8 MPH) Mike Maserang scores Davey Verhoog scores
|
Batting: RHB Nelson Trujillo
|
0-0: Ball 1-0: Swinging Strike 1-1: Ball 2-1: Fly out, F3 (Line Drive, 3, EV 71.2 MPH)
|
Bottom of the 1st over - 4 runs, 3 hits, 0 errors, 1 left on base; Augusta 0 - Fort Wayne 4 |
TOP OF THE 2ND |
Augusta GreenJackets batting - Pitching for Fort Wayne TinCaps : RHP Marcus Hill
|
Batting: LHB Pong-keun Koh
|
0-0: Ground out 4-3 (Groundball, 34, EV 108.8 MPH)
|
Batting: RHB Omar Jordan
|
0-0: Ball 1-0: Called Strike 1-1: Ball 2-1: Swinging Strike 2-2: Ball 3-2: Base on Balls
|
Batting: RHB Doug Kennie
|
0-0: Called Strike 0-1: Ball 1-1: Ball 2-1: Foul Ball, location: 2F 2-2: Foul Ball, location: 2F 2-2: Ball 3-2: Base on Balls Omar Jordan to second
|
Batting: RHB Drew Duncan
|
0-0: Called Strike 0-1: Ball 1-1: Foul Ball, location: 2F 1-2: Ball 2-2: Strikes out looking
|
Batting: RHB Devin Lowery
|
0-0: Called Strike 0-1: Reached via error on a dropped throw from C, E3 (Groundball, 2L, EV 65.6 MPH) Omar Jordan to third Doug Kennie to second
|
Batting: RHB Alfredo Lemus
|
0-0: SINGLE (Line Drive, 6MD, EV 98.1 MPH) Omar Jordan scores Doug Kennie to third Devin Lowery to second
|
Batting: RHB Danny Gallo
|
0-0: Called Strike 0-1: Ball 1-1: Swinging Strike 1-2: Ball 2-2: Fielders Choice at 2nd, 6-4 (Groundball, 6, EV 95.6 MPH)
|
Top of the 2nd over - 1 run, 1 hit, 1 error, 3 left on base; Augusta 1 - Fort Wayne 4 |
BOTTOM OF THE 2ND |
Fort Wayne TinCaps batting - Pitching for Augusta GreenJackets : RHP Lee Chamness
|
Batting: RHB Brian Burd
|
0-0: Foul Ball, location: 2F 0-1: Called Strike 0-2: Ball 1-2: Strikes out swinging
|
Batting: LHB Angel Mejia
|
0-0: Ball 1-0: DOUBLE (Flyball, 89D, EV 94.4 MPH)
|
Batting: LHB James Sousa
|
0-0: Called Strike Angel Mejia steals 3rd base 0-1: Swinging Strike 0-2: Ball 1-2: Ball 2-2: Ball 3-2: Fly out, F6 (Popup, 4M, EV 75.6 MPH)
|
Batting: RHB Juan Martinez
|
0-0: Ball 1-0: Reached on error, E3 (Groundball, 34S, EV 68.1 MPH) Angel Mejia scores
|
Batting: RHB Mike Maserang
|
0-0: Called Strike Juan Martinez steals 2nd base (no throw) 0-1: Ball 1-1: Ball 2-1: Foul Ball, location: 2F 2-2: SINGLE (Groundball, 56D, EV 109.4 MPH) Juan Martinez to third Runner from 3rd tries for Home, throw by LF and OUT! 7-2
|
Bottom of the 2nd over - 1 run, 2 hits, 1 error, 1 left on base; Augusta 1 - Fort Wayne 5 |
TOP OF THE 3RD |
Augusta GreenJackets batting - Pitching for Fort Wayne TinCaps : RHP Marcus Hill
|
Batting: RHB Chris King
|
0-0: Called Strike 0-1: Foul Ball, location: 2F 0-2: Fly out, F9 (Flyball, 89D, EV 103.8 MPH)
|
Batting: LHB Gabe Velez
|
0-0: Called Strike 0-1: Ball 1-1: Foul Ball, location: 2F 1-2: Ground out 6-3 (Groundball, 6, EV 95.0 MPH)
|
Batting: LHB Pong-keun Koh
|
0-0: Fly out, F9 (Flyball, 9, EV 86.2 MPH)
|
Top of the 3rd over - 0 runs, 0 hits, 0 errors, 0 left on base; Augusta 1 - Fort Wayne 5 |
BOTTOM OF THE 3RD |
Fort Wayne TinCaps batting - Pitching for Augusta GreenJackets : RHP Lee Chamness
|
Batting: SHB Josh Parker
|
0-0: Called Strike 0-1: Swinging Strike 0-2: Strikes out swinging
|
Batting: RHB Davey Verhoog
|
0-0: Ball 1-0: Ball 2-0: Called Strike 2-1: Foul Ball, location: 2F 2-2: Foul Ball, location: 2F 2-2: Strikes out swinging
|
Batting: RHB Rich Justice
|
0-0: Ball 1-0: Foul Ball, location: 2F 1-1: Ball 2-1: Ball 3-1: SINGLE (Groundball, 6S, EV 65.0 MPH) (infield hit)
|
Batting: RHB Nelson Trujillo
|
0-0: Ball Rich Justice steals 2nd, throwing error, E2 Rich Justice to third 1-0: Ball 2-0: Ball 3-0: Called Strike 3-1: Called Strike 3-2: Foul Ball, location: 2F 3-2: Fly out, F8 (Flyball, 89M, EV 83.1 MPH)
|
Bottom of the 3rd over - 0 runs, 1 hit, 1 error, 1 left on base; Augusta 1 - Fort Wayne 5 |
TOP OF THE 4TH |
Augusta GreenJackets batting - Pitching for Fort Wayne TinCaps : RHP Marcus Hill
|
Batting: RHB Omar Jordan
|
0-0: Fly out, F7 (Line Drive, 7D, EV 87.5 MPH)
|
Batting: RHB Doug Kennie
|
0-0: Called Strike 0-1: Called Strike 0-2: Ground out 5-3 (Groundball, 5L, EV 91.9 MPH)
|
Batting: RHB Drew Duncan
|
0-0: Ball 1-0: SINGLE (Groundball, 6MD, EV 96.9 MPH)
|
Batting: RHB Devin Lowery
|
0-0: Called Strike 0-1: Ball 1-1: Called Strike 1-2: Foul Ball, location: 2F 1-2: Foul Ball, location: 2F 1-2: Ball 2-2: Strikes out looking
|
Top of the 4th over - 0 runs, 1 hit, 0 errors, 1 left on base; Augusta 1 - Fort Wayne 5 |
BOTTOM OF THE 4TH |
Fort Wayne TinCaps batting - Pitching for Augusta GreenJackets : RHP Lee Chamness
|
Batting: RHB Brian Burd
|
0-0: SINGLE (Line Drive, 34, EV 103.8 MPH)
|
Batting: LHB Angel Mejia
|
0-0: Ball Brian Burd steals 2nd base 1-0: Called Strike 1-1: Foul Ball, location: 2F 1-2: Ground out U3 (Groundball, 3L, EV 103.8 MPH) Brian Burd to third
|
Batting: LHB James Sousa
|
0-0: Ball 1-0: Ball 2-0: Ball Wild Pitch! Brian Burd scores 3-0: Called Strike 3-1: Base on Balls
|
Batting: RHB Juan Martinez
|
0-0: Ball 1-0: Swinging Strike 1-1: Ball 2-1: Called Strike 2-2: Ball 3-2: SINGLE (Groundball, 4MD, EV 93.8 MPH) James Sousa to second Runner from 2nd tries for 3rd, SAFE, throw by CF made to third
|
Pitching: RHP Lorenzo Merjil
|
|
Batting: RHB Mike Maserang
|
0-0: Ball Juan Martinez steals 2nd base 1-0: SINGLE (Line Drive, 9S, EV 105.0 MPH) James Sousa scores Juan Martinez to third
|
Batting: SHB Josh Parker
|
0-0: Ball 1-0: Foul Ball, location: 2F 1-1: Ball 2-1: Called Strike 2-2: Ball 3-2: Grounds into double play, 4-6-3 (Groundball, 4, EV 85.6 MPH)
|
Bottom of the 4th over - 2 runs, 3 hits, 0 errors, 1 left on base; Augusta 1 - Fort Wayne 7 |
TOP OF THE 5TH |
Augusta GreenJackets batting - Pitching for Fort Wayne TinCaps : RHP Marcus Hill
|
Batting: RHB Alfredo Lemus
|
0-0: Foul Ball, location: 2F 0-1: Ground out U3 (Groundball, 34S, EV 88.1 MPH)
|
Batting: RHB Danny Gallo
|
0-0: Called Strike 0-1: Foul Ball, location: 2F 0-2: Ground out 5-3 (Groundball, 25, EV 87.5 MPH)
|
Batting: RHB Chris King
|
0-0: Called Strike 0-1: Ball 1-1: Ball 2-1: Swinging Strike 2-2: Ground out 6-3 (Groundball, 6, EV 80.6 MPH)
|
Top of the 5th over - 0 runs, 0 hits, 0 errors, 0 left on base; Augusta 1 - Fort Wayne 7 |
BOTTOM OF THE 5TH |
Fort Wayne TinCaps batting - Pitching for Augusta GreenJackets : RHP Lorenzo Merjil
|
Batting: RHB Davey Verhoog
|
0-0: Called Strike 0-1: Ball 1-1: Ground out 5-3 (Groundball, 56, EV 106.2 MPH)
|
Batting: RHB Rich Justice
|
0-0: Called Strike 0-1: Swinging Strike 0-2: Strikes out swinging
|
Batting: RHB Nelson Trujillo
|
0-0: Ball 1-0: Ball 2-0: Called Strike 2-1: Foul Ball, location: 2F 2-2: Ball 3-2: Ground out U3 (Groundball, 34, EV 83.8 MPH)
|
Bottom of the 5th over - 0 runs, 0 hits, 0 errors, 0 left on base; Augusta 1 - Fort Wayne 7 |
TOP OF THE 6TH |
Augusta GreenJackets batting - Pitching for Fort Wayne TinCaps : RHP Marcus Hill
|
Batting: LHB Gabe Velez
|
0-0: Ball 1-0: SINGLE (Groundball, 25, EV 65.0 MPH) (infield hit)
|
Batting: LHB Pong-keun Koh
|
0-0: Grounds into double play, 4-6-3 (Groundball, 34, EV 88.1 MPH)
|
Batting: RHB Omar Jordan
|
0-0: Called Strike 0-1: SOLO HOME RUN (Line Drive, 9LD, EV 98.8 MPH), Distance : 374 ft
|
Batting: RHB Doug Kennie
|
0-0: Called Strike 0-1: Ground out 6-3 (Groundball, 6, EV 81.2 MPH)
|
Top of the 6th over - 1 run, 2 hits, 0 errors, 0 left on base; Augusta 2 - Fort Wayne 7 |
BOTTOM OF THE 6TH |
Fort Wayne TinCaps batting - Pitching for Augusta GreenJackets : RHP Lorenzo Merjil
|
Batting: RHB Brian Burd
|
0-0: Called Strike 0-1: Ball 1-1: SINGLE (Line Drive, 78S, EV 101.2 MPH)
|
Pitching: LHP Tommy McCusker
|
|
Batting: LHB Angel Mejia
|
0-0: Ball 1-0: Called Strike Brian Burd steals 2nd base 1-1: Ball 2-1: Foul Ball, location: 2F 2-2: Strikes out swinging
|
Batting: LHB James Sousa
|
0-0: Called Strike 0-1: Called Strike 0-2: Ball 1-2: Foul Ball, location: 2F 1-2: Strikes out looking
|
Batting: RHB Juan Martinez
|
0-0: Ground out 5-3 (Groundball, 56, EV 82.5 MPH)
|
Bottom of the 6th over - 0 runs, 1 hit, 0 errors, 1 left on base; Augusta 2 - Fort Wayne 7 |
TOP OF THE 7TH |
Augusta GreenJackets batting - Pitching for Fort Wayne TinCaps : RHP Marcus Hill
|
Batting: RHB Drew Duncan
|
0-0: Called Strike 0-1: Swinging Strike 0-2: Ball 1-2: Foul Ball, location: 2F 1-2: Strikes out swinging
|
Batting: RHB Devin Lowery
|
0-0: Ball 1-0: Ball 2-0: Foul Ball, location: 2F 2-1: Foul Ball, location: 2F 2-2: Fly out, F8 (Flyball, 8RD, EV 83.8 MPH)
|
Batting: RHB Alfredo Lemus
|
0-0: Called Strike 0-1: Foul Ball, location: 2F 0-2: Ball 1-2: Ball 2-2: Foul Ball, location: 2F 2-2: Foul Ball, location: 2F 2-2: SINGLE (Line Drive, 8LS, EV 101.9 MPH)
|
Pitching: RHP Roman Baines
|
|
Batting: RHB Danny Gallo
|
0-0: Called Strike Alfredo Lemus steals 2nd base 0-1: Called Strike 0-2: Ball 1-2: Ball 2-2: Strikes out swinging
|
Top of the 7th over - 0 runs, 1 hit, 0 errors, 1 left on base; Augusta 2 - Fort Wayne 7 |
BOTTOM OF THE 7TH |
Fort Wayne TinCaps batting - Pitching for Augusta GreenJackets : LHP Tommy McCusker
|
Batting: RHB Mike Maserang
|
0-0: Ball 1-0: Called Strike 1-1: Ball 2-1: Foul Ball, location: 2F 2-2: Strikes out looking
|
Batting: SHB Josh Parker
|
0-0: Ball 1-0: Called Strike 1-1: Ball 2-1: Foul Ball, location: 2F 2-2: Strikes out swinging
|
Batting: RHB Davey Verhoog
|
0-0: Ball 1-0: Ball 2-0: Ball 3-0: Called Strike 3-1: Base on Balls
|
Batting: RHB Rich Justice
|
0-0: Called Strike 0-1: Called Strike 0-2: Ground out 4-3 (Groundball, 34, EV 106.9 MPH)
|
Bottom of the 7th over - 0 runs, 0 hits, 0 errors, 1 left on base; Augusta 2 - Fort Wayne 7 |
TOP OF THE 8TH |
Augusta GreenJackets batting - Pitching for Fort Wayne TinCaps : RHP Roman Baines
|
Batting: RHB Chris King
|
0-0: Called Strike 0-1: Ball 1-1: Ball 2-1: Ball 3-1: Foul Ball, location: 2F 3-2: SINGLE (Line Drive, 34D, EV 106.2 MPH)
|
Batting: LHB Gabe Velez
|
0-0: Ball 1-0: Ball 2-0: Ball 3-0: Base on Balls Chris King to second
|
Pitching: LHP John Maher
|
|
Batting: LHB Pong-keun Koh
|
0-0: Ball 1-0: Foul Ball, location: 2F 1-1: Ball 2-1: Swinging Strike 2-2: Strikes out looking
|
Batting: RHB Omar Jordan
|
0-0: Ball 1-0: Ball 2-0: Called Strike 2-1: Ball 3-1: Fly out, F9 (Flyball, 9D, EV 107.5 MPH)
|
Batting: RHB Doug Kennie
|
0-0: Ball 1-0: Ball 2-0: Called Strike 2-1: DOUBLE (Flyball, 89D, EV 110.0 MPH) Chris King scores Gabe Velez to third Runner from 3rd tries for Home, SAFE, no throw by CF
|
Batting: RHB Drew Duncan
|
0-0: Fly out, F8 (Line Drive, 8LD, EV 95.6 MPH)
|
Top of the 8th over - 2 runs, 2 hits, 0 errors, 1 left on base; Augusta 4 - Fort Wayne 7 |
BOTTOM OF THE 8TH |
Fort Wayne TinCaps batting - Pitching for Augusta GreenJackets : LHP Tommy McCusker
|
Pitching: LHP Kyle Worford
|
|
Batting: RHB Nelson Trujillo
|
0-0: Foul Ball, location: 2F 0-1: Called Strike 0-2: Ball 1-2: Strikes out looking
|
Batting: RHB Brian Burd
|
0-0: Fly out, F9 (Flyball, 89S, EV 96.9 MPH)
|
Batting: LHB Angel Mejia
|
0-0: Called Strike 0-1: Ball 1-1: Foul Ball, location: 2F 1-2: Strikes out swinging
|
Bottom of the 8th over - 0 runs, 0 hits, 0 errors, 0 left on base; Augusta 4 - Fort Wayne 7 |
TOP OF THE 9TH |
Augusta GreenJackets batting - Pitching for Fort Wayne TinCaps : LHP John Maher
|
Pitching: RHP Arturo Diaz
|
|
Batting: RHB Devin Lowery
|
0-0: Called Strike 0-1: Called Strike 0-2: Ball 1-2: Ball 2-2: Strikes out swinging
|
Pinch Hitting: LHB Terry Ebersole
|
0-0: Ball 1-0: Foul Ball, location: 2F 1-1: Foul Ball, location: 2F 1-2: Foul Ball, location: 2F 1-2: Strikes out swinging
|
Batting: RHB Danny Gallo
|
0-0: Ball 1-0: Called Strike 1-1: Called Strike 1-2: Ball 2-2: Strikes out looking
|
Top of the 9th over - 0 runs, 0 hits, 0 errors, 0 left on base; Augusta 4 - Fort Wayne 7 |
|